 Dungeon Crawl Stone Soup version 0.30-a0-760-g5a9884bb7c (webtiles) character file.

Game seed: 12053988408957621771

14851 sanka the Martial Artist (level 11, -26/148 HPs)
             Began as a Black Draconian Monk on Feb 10, 2023.
             Was an Initiate of Gozag.
             Killed from afar by Frances (30 damage)
             ... with an iron shot
             ... on level 13 of the Dungeon.
             The game lasted 00:26:42 (15210 turns).

sanka the Martial Artist (Black Draconian Monk)    Turns: 15210, Time: 00:26:43

Health: -26/148    AC: 10    Str: 16    XL:     11   Next: 94%
Magic:  11/11      EV: 18    Int: 13    God:    Gozag
Gold:   846        SH:  0    Dex: 15    Spells: 5/10 levels left

rFire   + . .      SeeInvis .    o - +10 long sword of Immorality {drain, rElec Str+2}
rCold   + . .      Faith    .    (no shield)
rNeg    . . .      Spirit   .    (body armour unavailable)
rPois   +          Reflect  .    (helmet restricted)
rElec   +          Harm     .    y - +0 cloak
rCorr   +          Rampage  .    B - +0 pair of gloves
Will    +....                    u - +0 pair of boots Stlth
                                 (no amulet)
HPRegen 0.44/turn                E - ring of willpower
MPRegen 0.12/turn                (no ring)

@: mighty, berserking (expiring), resistant, hasted, studying Dodging, very
quick
A: breathe lightning, AC +7, unfitting armour, electricity resistance,
cold-blooded
a: Breathe Lightning, Renounce Religion, Potion Petition, Call Merchant, Bribe
Branch


You were on level 13 of the Dungeon.
You worshipped Gozag.
Gozag was pleased with you.
You visited 2 branches of the dungeon, and saw 14 of its levels.

You collected 2180 gold pieces.
You spent 100 gold pieces at shops.
You paid 1234 gold pieces to Gozag.


Innate Abilities, Weirdness & Mutations

You can breathe wild blasts of lightning.
Your glossy black scales are hard. (AC +7)
You cannot fit into any form of body armour.
You are resistant to electric shocks. (rElec)
You are cold-blooded and may be slowed by cold attacks.


   Skills:
 - Level 10.0 Fighting
 - Level 12.0 Dodging
 - Level 1.7 Stealth
 - Level 13.3 Unarmed Combat
 + Level 0.4 Spellcasting
 + Level 0.5 Transmutations


You had 5 spell levels left.
You knew the following spells:

 Your Spells              Type           Power      Damage    Failure   Level
z - Blade Hands           Tmut           0%         N/A       100%        5

Your spell library contained the following spells:

 Spells                   Type           Power      Damage    Failure   Level
 Magic Dart               Conj           0%         1d3       30%         1
 Sublimation of Blood     Necr           0%         N/A       41%         2
 Inner Flame              Hex/Fire       0%         N/A       65%         3
 Portal Projectile        Hex/Tloc       0%         N/A       65%         3
 Stone Arrow              Conj/Erth      0%         3d7       65%         3
 Tukima's Dance           Hex            0%         N/A       65%         3
 Petrify                  Tmut/Erth      0%         N/A       95%         4
 Flame Wave               Conj/Fire      0%         2d4       96%         4
 Sticky Flame             Conj/Fire      0%         2d3       96%         4
 Irradiate                Conj/Tmut      0%         3d11      100%        5
 Lehudib's Crystal Spear  Conj/Erth      0%         10d2      100%        8
 Animate Armour           Summ/Erth      Unusable   N/A       N/A         4

Inventory:

Hand Weapons
 m - the +5 short sword of Mandamus {flame, Fragile Int+5}

   Int:       It affects your intelligence (+5).
   Fragile:   It will be destroyed if unequipped.
 o - the +10 long sword of Immorality (weapon) {drain, rElec Str+2}

   Str:       It affects your strength (+2).
   rElec:     It insulates you from electricity.
Missiles
 L - a throwing net {=f}
Armour
 u - a +0 pair of boots (worn)
 y - a +0 cloak (worn)
 B - a +0 pair of gloves (worn)
Jewellery
 a - a ring of ice
 E - a ring of willpower (left hand)
Wands
 t - a wand of mindburst (2)
 w - a wand of polymorph (6)
 F - a wand of light (10)
Scrolls
 b - 2 scrolls of fear
 d - 7 scrolls of teleportation {@r4}
 f - 2 scrolls of noise {!r}
 g - 2 scrolls of magic mapping
 h - 4 scrolls of enchant weapon
 i - 2 scrolls of fog
 l - 2 scrolls of vulnerability {!r}
 p - a scroll of torment {!r}
 x - 3 scrolls of immolation {!r}
 A - 3 scrolls of summoning
 C - a scroll of enchant armour
 D - 2 scrolls of poison {!r}
 K - 2 scrolls of blinking
Potions
 c - 4 potions of degeneration {unknown}
 e - 4 potions of berserk rage {unknown}
 j - 3 potions of attraction {unknown}
 k - 6 potions of curing {@q1}
 n - a potion of cancellation {unknown}
 q - 2 potions of might {unknown}
 r - 2 potions of haste {unknown}
 s - 6 potions of heal wounds {unknown}
 v - a potion of resistance {unknown}
 z - a potion of brilliance {unknown}
 G - 2 potions of mutation {unknown}
 H - 2 potions of ambrosia
 I - a potion of flight {unknown}
 N - a potion of magic {unknown}
Miscellaneous
 J - a phantom mirror

Dungeon Overview and Level Annotations

Branches:
Dungeon (13/15)            Temple (1/1) D:7            Lair (0/5) D:9
    Orc (0/2) D:9
 Vaults: D:13-14

Altars:
Ashenzari
Cheibriados
Dithmenos
Elyvilon
Fedhas
Gozag
Hepliaklqana
Kikubaaqudgha
Makhleb
Nemelex Xobeh
Okawaru
Qazlal
Ru
Sif Muna
Trog
Uskayaw
Vehumet
Wu Jian
Xom
Yredelemnul
Zin
The Shining One

Shops:
D:7 *   D:10 *   D:11 *

Annotations:
D:3 Sigmund
D:9 exclusion: 2 downstairs
D:12 1 runed translucent door
D:13 Frances

.▒ ▒▒▒▒▒ ..▒
......▒▒▒▒▒ ...▒
......▒...▒▒...▒
......@.........
......▒d........
......▒.........
...@..▒▒'▒▒▒▒▒.
▒▒▒▒.........▒
▒.........▒
▒.........▒
▒.........▒
▒.........▒
▒.........▒


You could see Frances (drained).


Message History

You slash Frances!
Frances is heavily wounded.
Frances hits you with a +0 halberd!!
* * * LOW HITPOINT WARNING * * *
You slash Frances! You drain Frances. You tail-slap Frances.
Frances is heavily wounded.
Frances misses you.
You barely miss Frances.
Frances is heavily wounded.
Frances hits you but does no damage.
You hit Frances. You drain Frances. Your punch misses Frances.
Frances is severely wounded.
Frances completely misses you.
You slash Frances!
Frances is severely wounded.
The soul eater draws from the surrounding life force!
Frances howls an indescribable curse.
Frances chants phrases taken from a devil's mouth.
You slash Frances! You drain Frances. You tail-slap Frances.
Frances is almost dead.
Frances whispers indecipherable words.
The iron shot hits you!!
You die...
Your body crumbles into a pile of gold.

Action                     |  1- 3 |  4- 6 |  7- 9 | 10-12 || total
---------------------------+-------+-------+-------+-------++-------
  Melee: Unarmed           |   121 |   166 |   296 |   187 ||   770
         Tailslap          |    17 |    22 |    52 |    80 ||   171
         Punch             |     5 |     6 |    16 |    39 ||    66
         Long sword        |       |       |       |   319 ||   319
 Invoke: Potion Petition   |       |       |       |     2 ||     2
Ability: Breathe Lightning |       |       |     2 |       ||     2
  Evoke: Wand              |       |     3 |    11 |     6 ||    20
    Use: Potion            |       |       |     7 |     1 ||     8
         Scroll            |       |       |     9 |     6 ||    15
   Stab: Sleeping          |     8 |     4 |     2 |     1 ||    15
         Distracted        |       |     1 |       |       ||     1
         Invisible         |       |       |       |     1 ||     1
 Armour: Skin              |    25 |    42 |    65 |   166 ||   298
  Dodge: Dodged            |    69 |    76 |   202 |   377 ||   724

Levels and vault maps discovered:
D:1:      nzn_arrival_settlement, layout_loops_ring
D:2:      layout_basic, kennysheep_generic_room_11
D:3:      minmay_spotlight, layout_loops_cross, supply_closet_lemuel,
          uniq_sigmund
D:4:      layout_basic, hangedman_decor_peaks_small
D:5:      layout_rooms
D:6:      layout_loops_corners, grunt_temple_overflow_gold_and_silver,
          nrook_loot_triangle
D:7:      layout_loops_ring, nicolae_ru_sacrificial_ziggurat, minitemple,
          minmay_temple_entry_mist, serial_shops, nicolae_square_shop,
          minmay_chambers_of_fives, uniq_pikel, uniq_menkaure, uniq_maggie,
          uniq_duvessa
D:8:      layout_rooms
D:9:      layout_long_grid, grunt_dithmenos_smoke, david_lair_shrubbed,
          erik_orc_3, nrook_mini_vaults
D:10:     layout_basic, grunt_temple_overflow_magic_moments, serial_shops,
          nicolae_lakefront_shop, uniq_maurice
D:11:     layout_rooms, minmay_shop_mass
D:12:     dreamdust_dug_too_deep, layout_gridville, tgw_trog
D:13:     layout_gridville, ximxim_vaults_locker_room, uniq_frances
Temple:   ebering_the_one_and_only

Notes
Turn   | Place    | Note
-------+----------+-------------------------------------------
     0 | D:1      | sanka the Draconian Monk began the quest for the Orb.
     0 | D:1      | Reached XP level 1. HP: 19/19 MP: 1/1
   181 | D:1      | Reached XP level 2. HP: 24/27 MP: 2/2
   184 | D:1      | Reached skill level 4 in Fighting
   915 | D:2      | Reached XP level 3. HP: 11/33 MP: 3/3
  1070 | D:2      | Identified the +5 short sword of Mandamus {flame, Fragile
                  | Int+5}
  1315 | D:2      | Reached skill level 4 in Unarmed Combat
  1875 | D:3      | Reached XP level 4. HP: 40/40 MP: 4/4
  1976 | D:3      | Identified a +1 robe of the Archmagi
  1976 | D:3      | Noticed Sigmund
  2553 | D:4      | Noticed a black bear
  2567 | D:4      | Killed a black bear
  2568 | D:4      | Reached skill level 5 in Unarmed Combat
  2568 | D:4      | Reached XP level 5. HP: 32/46 MP: 5/5
  2642 | D:4      | Reached skill level 6 in Unarmed Combat
  2918 | D:4      | Reached XP level 6. HP: 51/52 MP: 6/6
  3157 | D:4      | Noticed a sky beast
  3616 | D:5      | Entered Level 5 of the Dungeon
  3785 | D:5      | Reached skill level 7 in Unarmed Combat
  4090 | D:5      | Noticed an ice beast
  4093 | D:5      | Killed an ice beast
  4094 | D:5      | Reached skill level 8 in Unarmed Combat
  4094 | D:5      | Your scales start taking on a glossy black colour.
  4094 | D:5      | Reached XP level 7. HP: 58/59 MP: 7/7
  4094 | D:5      | Gained mutation: You are resistant to electric shocks.
                  | (rElec) [Black Draconian growth]
  4460 | D:6      | HP: 2/57 [wight/+0 dire flail (12)]
  4462 | D:6      | Reached skill level 9 in Unarmed Combat
  4668 | D:6      | Reached XP level 8. HP: 59/66 MP: 8/8
  4852 | D:6      | Reached skill level 10 in Unarmed Combat
  4881 | D:6      | Reached skill level 3 in Dodging
  5062 | D:6      | Reached skill level 5 in Fighting
  5451 | D:6      | Reached skill level 4 in Dodging
  5528 | D:6      | Reached skill level 6 in Fighting
  5682 | D:5      | Reached skill level 5 in Dodging
  6014 | D:6      | Found an opulent altar of Gozag.
  6015 | D:6      | Found a glowing silver altar of Zin.
  6032 | D:6      | Became a worshipper of Gozag Ym Sagoz the Greedy
  6270 | D:7      | Identified +0 swamp dragon scales
  6270 | D:7      | Noticed Maggie
  6286 | D:7      | Killed Maggie
  6287 | D:7      | Reached skill level 6 in Dodging
  6287 | D:7      | Reached XP level 9. HP: 34/75 MP: 9/9
  6455 | D:7      | Noticed Menkaure
  6463 | D:7      | Killed Menkaure
  6621 | D:7      | Found a staircase to the Ecumenical Temple.
  6659 | D:7      | Found a sacrificial altar of Ru.
  6677 | D:7      | Reached skill level 7 in Dodging
  6896 | D:7      | Found Tatuerung's Assorted Antiques.
  6904 | D:7      | Bought a scroll of identify for 50 gold pieces
  6904 | D:7      | Bought a scroll of identify for 50 gold pieces
  7052 | D:9      | Reached skill level 8 in Dodging
  7556 | D:9      | Reached skill level 11 in Unarmed Combat
  7573 | D:9      | Found a shadowy altar of Dithmenos.
  7618 | D:9      | HP: 4/75 [bounced beam (10)]
  7645 | D:9      | HP: 7/75 [killer bee (6)]
  7791 | D:9      | Reached XP level 10. HP: 51/83 MP: 10/10
  8275 | D:9      | Found a staircase to the Orcish Mines.
  8411 | D:9      | Found a staircase to the Lair.
  8438 | D:9      | Reached skill level 12 in Unarmed Combat
  9423 | D:8      | Reached skill level 13 in Unarmed Combat
  9948 | D:8      | Identified the +10 long sword of Immorality {drain, rElec
                  | Str+2}
 10418 | D:8      | HP: 2/83 [vampire (9)]
 10626 | D:7      | Noticed Pikel
 10660 | D:7      | Killed Pikel
 10661 | D:7      | Reached skill level 7 in Fighting
 10693 | D:7      | Noticed Duvessa
 10713 | D:7      | Noticed Dowan
 10714 | D:7      | Killed Duvessa
 10723 | D:7      | Killed Dowan
 11208 | D:7      | Reached XP level 11. HP: 83/92 MP: 11/11
 11348 | D:7      | Found a shimmering altar of Xom.
 11351 | D:7      | Found a hide-covered altar of Uskayaw.
 11353 | D:7      | Found a hazy altar of Hepliaklqana.
 11354 | D:7      | Found a broken altar of Ashenzari.
 11355 | D:7      | Found an iron altar of Okawaru.
 11355 | D:7      | Found a burning altar of Makhleb.
 11355 | D:7      | Found a stormy altar of Qazlal.
 11355 | D:7      | Found a sparkling altar of Nemelex Xobeh.
 11355 | D:7      | Found a bloodstained altar of Trog.
 11356 | D:7      | Found a basalt altar of Yredelemnul.
 11357 | D:7      | Found a snail-covered altar of Cheibriados.
 11358 | D:7      | Found a glowing golden altar of the Shining One.
 11428 | D:7      | Found a white marble altar of Elyvilon.
 11434 | D:7      | Found an ornate altar of the Wu Jian Council.
 11551 | Temple   | Entered the Ecumenical Temple
 11657 | D:10     | Entered Level 10 of the Dungeon
 11657 | D:10     | Found a radiant altar of Vehumet.
 11666 | D:10     | Got Vehumet's Grimoire of Damage
 11668 | D:10     | Found an ancient bone altar of Kikubaaqudgha.
 11669 | D:10     | Found a shimmering blue altar of Sif Muna.
 11718 | D:10     | Found Eqotuupn's Assorted Antiques.
 11739 | D:10     | Noticed Maurice
 11994 | D:10     | Killed Maurice
 12195 | D:10     | Reached skill level 9 in Dodging
 12226 | D:10     | Reached skill level 8 in Fighting
 13008 | D:11     | Reached skill level 9 in Fighting
 13084 | D:11     | Noticed a green ugly thing
 13094 | D:11     | Killed a green ugly thing
 13377 | D:11     | Reached skill level 10 in Dodging
 13447 | D:11     | Found Fuelir's Mass Market.
 13494 | D:11     | Noticed a two-headed ogre
 13502 | D:11     | Killed a two-headed ogre
 13503 | D:11     | Reached skill level 10 in Fighting
 13769 | D:12     | Identified a scroll of acquirement
 13771 | D:12     | Acquired a manual of Dodging
 14068 | D:12     | Found a bloodstained altar of Trog.
 14301 | D:12     | Reached skill level 11 in Dodging
 14575 | D:12     | Found a runed translucent door.
 14578 | D:12     | Noticed a balrug
 15086 | D:12     | Learned a level 5 spell: Blade Hands
 15087 | D:13     | Noticed a tengu warrior
 15098 | D:12     | Killed a tengu warrior
 15153 | D:13     | Reached skill level 12 in Dodging
 15195 | D:13     | Noticed Frances
 15205 | D:13     | Noticed a soul eater
 15205 | D:13     | HP: 2/148 [Frances/+0 halberd (25)]
 15210 | D:13     | Killed from afar by Frances

Vanquished Creatures
  A two-headed ogre (D:11)
  A tengu warrior (D:12)
  Pikel (D:7)
  An ugly thing (D:11)
  A cyclops (D:12)
  Maurice (D:10)
  Maggie (D:7)
  2 unseen horrors
  A komodo dragon (D:9)
  A tengu conjurer (D:13)
  A troll (D:11)
  A hornet (D:9)
  A wyvern (D:7)
  A vampire (D:8)
  A wraith (D:11)
  A shadow (D:12)
  28 yaks
  4 vampire mosquitoes (D:10)
  A steam dragon (D:8)
  Menkaure (D:7)
  2 water moccasins (D:7)
  Duvessa (D:7)
  7 orc warriors
  4 ice beasts
  2 sky beasts
  A black bear (D:4)
  2 ogres (D:9)
  5 centaurs
  A lemure (D:7)
  A phantom (D:6)
  A kobold brigand (D:9)
  2 gnoll sergeants
  4 bullfrogs
  5 necrophages
  14 wights
  Dowan (D:7)
  4 killer bees (D:9)
  4 howler monkeys
  4 orc priests
  4 hounds
  A jelly (D:5)
  A gnoll bouda (D:7)
  5 iguanas
  12 orc wizards
  6 gnolls
  8 adders
  4 white imps
  2 ufetubi
  3 worms (D:4)
  3 dart slugs
  45 orcs
  4 ball pythons
  5 bats
  8 endoplasms
  2 giant cockroaches
  7 hobgoblins
  10 kobolds
  4 quokkas
  A frilled lizard (D:1)
  8 goblins
  12 rats
271 creatures vanquished.

Vanquished Creatures (others)
  A plant (D:9)
1 creature vanquished.

Grand Total: 272 creatures vanquished
